 Dungeon Sprint DCSS version 0.31-a0-210-gccc998df9b (webtiles) character file.

Game seed: 13174175642290616709

54 rocky1 the Geomancer (level 6, -3/41 HPs)
             Began as a Demonspawn Earth Elementalist on June 30, 2023.
             Was an Initiate of Gozag.
             Shot with an arrow by a centaur (15 damage)
             ... in the Dungeon (Sprint VI: "Thunderdome").
             The game lasted 00:03:15 (341 turns).

rocky1 the Geomancer (Demonspawn Earth Elementalist) Turns: 341, Time: 00:03:16

Health: -3/41      AC:  3    Str:  9    XL:     6   Next: 55%
Magic:  13/16      EV: 12    Int: 18    God:    Gozag
Gold:   1144       SH:  0    Dex: 13    Spells: 19/20 levels left

rFire   . . .        (no weapon)
rCold   . . .        (no shield)
rNeg    . . .        a - +0 robe
rPois   .            (no helmet)
rElec   .            (no cloak)
rCorr   .            (no gloves)
SInv    .            (no boots)
Will    .....        (no amulet)
Stlth   ++           (no ring)
HPRegen 0.26/turn    (no ring)
MPRegen 0.15/turn

%: no teleportation
@: gold aura
A: powered by pain 1, sharp scales 1, demonic touch 1
a: Renounce Religion, Potion Petition, Call Merchant, Bribe Branch


You were in the Dungeon.
You worshipped Gozag.
Gozag was most pleased with you.
You visited 1 branch You collected 1144 gold pieces.

Inventory:

Armour
 a - a +0 robe (worn)
Wands
 i - a wand of quicksilver (3)
 j - a wand of roots (4)
Scrolls
 g - 4 scrolls of blinking
 k - 3 scrolls of fog
Potions
 b - 3 potions of magic
 c - 2 potions of curing
 d - 4 potions of heal wounds
 e - 4 potions of haste
 h - 2 potions of resistance


   Skills:
 - Level 1.7 Dodging
 - Level 1.7 Stealth
 + Level 7.8 Spellcasting
 - Level 0.8 Transmutations
 * Level 11.0 Earth Magic


You had 19 spell levels left.
You knew the following spells:

 Your Spells              Type           Power      Damage    Failure   Level
a - Sandblast             Erth           92%        2d19      1%          1

Your spell library contained the following spells:

 Spells                   Type           Power      Damage    Failure   Level
 Passwall                 Tmut/Erth      23%        N/A       1%          2
 Stone Arrow              Conj/Erth      52%        3d10      3%          3
 Petrify                  Tmut/Erth      28%        N/A       9%          4


Dungeon Overview and Level Annotations

Branches:
Dungeon (1/1)

Altars:
Cheibriados
Dithmenos
Fedhas
Gozag
Kikubaaqudgha
Makhleb
Okawaru
Qazlal
Ru
Sif Muna
Trog
Uskayaw
Vehumet
Wu Jian
Xom
Yredelemnul
Lugonu

Shops:
D *[??*?*:[((!!!!


Innate Abilities, Weirdness & Mutations

You sometimes gain a little power by taking damage.
You are partially covered in razor-sharp scales. (AC +1, Slay +1)
Your touch may inflict minor irresistible damage on your foes.


Message History

You kill the centaur!
A wyvern comes into view.
Your Earth Magic skill increases to level 11!
You now have 1144 gold pieces (gained 144).
You see here a +0 orcbow.
Aiming: Sandblast (safe; 1% risk of failure)
Press: ? - help, Q - select action, (/) - cycle Shift-Dir - straight line, f - wyvern
Aim: a wyvern (wandering, hasn't noticed you, 85% to hit)
The blast of sand hits the wyvern!
The wyvern is moderately wounded.
The wyvern hisses angrily.
Aiming: Sandblast (safe; 1% risk of failure)
Press: ? - help, Q - select action, (/) - cycle Shift-Dir - straight line, f/p - wyvern
Aim: a wyvern (moderately wounded, 85% to hit)
The blast of sand hits the wyvern.
The wyvern is moderately wounded. 50...
A centaur comes into view.
The wyvern bites you.
Aiming: Sandblast (safe; 1% risk of failure)
Press: ? - help, Q - select action, (/) - cycle Shift-Dir - straight line, f/p - wyvern
Aim: a wyvern (moderately wounded, 85% to hit)
The blast of sand hits the wyvern!
The wyvern is severely wounded.
The centaur shouts!
The wyvern hisses menacingly.
The wyvern bites you but does no damage.
The wyvern bites you.
* * * LOW HITPOINT WARNING * * *
Aiming: Quicksilver Bolt
Press: ? - help, Shift-Dir - straight line, f/p - wyvern
Aim: a wyvern (severely wounded, 71% to hit)
The bolt of dispelling energy hits the wyvern!
You kill the wyvern!
The bolt of dispelling energy hits the centaur!
The centaur is severely wounded.
The centaur wields a +0 shortbow.
The centaur shoots an arrow.
The arrow hits you!
You die...
Your body crumbles into a pile of gold.

#∩........8.# #.8........∩###
............###)............##
.........###...###..........⌠#
.........# #.<.# #..........⌠#
.........###..)###..........⌠#
............###.............##
#∩........8.# #.8........∩###
##∩___......###.)....__.∩##
######.8.c...$@.)8.######
#⌠...........⌠#
###.........### #_......._#
#........_# #_......._#
#∩.......∩# ##∩.....∩##
##.....##


You could see a centaur.

Vanquished Creatures
  Sigmund (D)
  A wyvern (D)
  An ogre (D)
  A centaur (D)
  A scorpion (D)
  3 adders (D)
  An orc (D)
  2 giant cockroaches (D)
  A kobold (D)
  A rat (D)
13 creatures vanquished.

Notes
Turn   | Place    | Note
-------+----------+-------------------------------------------
     0 | D        | rocky1 the Demonspawn Earth Elementalist began the quest
                  | for the Orb.
     0 | D        | Reached XP level 1. HP: 13/13 MP: 3/3
     4 | D        | Found a blossoming altar of Fedhas.
     4 | D        | Found an iron altar of Okawaru.
     5 | D        | Found a shimmering altar of Xom.
     5 | D        | Round 1.
     6 | D        | Found a snail-covered altar of Cheibriados.
     6 | D        | Found a burning altar of Makhleb.
     7 | D        | Found a basalt altar of Yredelemnul.
     7 | D        | Found a shimmering blue altar of Sif Muna.
     7 | D        | Found Fezung's Identification Station.
     8 | D        | Found Buxtamirch's Jewellery.
     8 | D        | Found Puppoen's Advanced Armour.
    11 | D        | Found a bloodstained altar of Trog.
    13 | D        | Found a stormy altar of Qazlal.
    14 | D        | Found an opulent altar of Gozag.
    14 | D        | Found a corrupted altar of Lugonu.
    14 | D        | Found a sacrificial altar of Ru.
    14 | D        | Found Jydixoux's Premium Goods.
    14 | D        | Found Jockacik's Weapon Rack.
    15 | D        | Found Joshri's Miscellaneous Merchandise.
    15 | D        | Found Biroebli's Basic Armour.
    22 | D        | Became a worshipper of Gozag Ym Sagoz the Greedy
    25 | D        | Found Yqeisk's Do-It-Yourself Clinic.
    27 | D        | Found a hide-covered altar of Uskayaw.
    27 | D        | Found Yfiapt's Distillery.
    29 | D        | Found Piceodoe's Bottled Wisdom.
    29 | D        | Found Odilaotu's Distillery.
    57 | D        | Reached skill level 3 in Earth Magic
    88 | D        | Found an ancient bone altar of Kikubaaqudgha.
   105 | D        | Found an ornate altar of the Wu Jian Council.
   108 | D        | Found a shadowy altar of Dithmenos.
   109 | D        | Found Bagowu's Staff Store.
   110 | D        | Found Gaboal's Must-Have Magic.
   110 | D        | Found Jiegg's Magic Scroll Shop.
   111 | D        | Found a radiant altar of Vehumet.
   111 | D        | Found Zyghi's Magic Scroll Shop.
   154 | D        | Noticed Sigmund
   158 | D        | Killed Sigmund
   158 | D        | Arena points: 12 (+12) [x2]
   159 | D        | Reached skill level 5 in Spellcasting
   159 | D        | Reached skill level 8 in Earth Magic
   159 | D        | Gained mutation: You sometimes gain a little power by
                  | taking damage. [demonic ancestry]
   159 | D        | Reached XP level 2. HP: 19/19 MP: 3/8
   159 | D        | Gained mutation: Your touch may inflict minor irresistible
                  | damage on your foes. [demonic ancestry]
   159 | D        | Reached XP level 3. HP: 24/24 MP: 3/10
   159 | D        | Gained mutation: You are partially covered in razor-sharp
                  | scales. (AC +1, Slay +1) [demonic ancestry]
   159 | D        | Reached XP level 4. HP: 30/30 MP: 3/11
   159 | D        | Reached XP level 5. HP: 35/35 MP: 3/13
   186 | D        | Round 2.
   229 | D        | Noticed an ogre
   232 | D        | Reached skill level 9 in Earth Magic
   235 | D        | Killed an ogre
   236 | D        | Reached skill level 10 in Earth Magic
   236 | D        | Reached XP level 6. HP: 40/41 MP: 8/16
   253 | D        | Arena points: 54 (+42) [x3]
   324 | D        | Round 3.
   329 | D        | Noticed a wyvern
   330 | D        | Reached skill level 11 in Earth Magic
   341 | D        | Killed a wyvern
   341 | D        | Shot with an arrow by a centaur

Illustrated notes

Levels and vault maps discovered:
D:        arena_sprint

Skill      XL: |  1  2  3  4  5  6 |
---------------+-------------------+-----
Earth Magic    | 8 10 11 | 11.0
Spellcasting   | 5 7 |  7.8
Dodging        | |  1.7
Stealth        | |  1.7
Transmutations | |  0.8

Action                     |  1- 3 |  4- 6 || total
---------------------------+-------+-------++-------
  Melee: Unarmed           |     4 |       ||     4
   Cast: Sandblast         |     7 |    16 ||    23
  Evoke: Wand              |     1 |     2 ||     3
    Use: Potion            |     1 |       ||     1
 Armour: Robe              |     4 |     1 ||     5
  Dodge: Dodged            |     9 |       ||     9

Table legend: (Time is in decaauts)
 A = Elapsed time spent in this place.
 B = Non-inter-level travel time spent in this place.
 C = Inter-level travel time spent in this place.
 D = Time resting spent in this place.
 E = Time spent auto-exploring this place.
 F = Levels seen in this place.
 G = Mean time per level.
                   A        B        C        D        E       F      G
               +--------+--------+--------+--------+--------+-----+--------+
         Total |    366 |    366 |      0 |     67 |      0 |   1 |  366.0 |
       Dungeon |    366 |    366 |      0 |     67 |      0 |   1 |  366.0 |
               +--------+--------+--------+--------+--------+-----+--------+

Top non-repeatable levels by time:
       D: 366 daAuts
